 Dungeon Crawl Stone Soup version 0.29.1-13-g9f3cf754e1 (webtiles) character file.

Game seed: 16876747452511397549

127 GigaChad the Shield-Bearer (level 4, -2/41 HPs)
             Began as a Minotaur Fighter on Jan 20, 2023.
             Was an Initiate of Ashenzari.
             Slain by a gnoll
             ... wielding a +0 spear
              (7 damage)
             ... on level 3 of the Dungeon.
             The game lasted 00:05:39 (2248 turns).

GigaChad the Shield-Bearer (Minotaur Fighter)       Turns: 2248, Time: 00:05:40

Health: -2/41      AC:  9    Str: 23    XL:     4   Next: 85%
Magic:  3/3        EV:  8    Int:  5    God:    Ashenzari [......]
Gold:   121        SH:  0    Dex:  9    Spells: 3/3 levels left

rFire   . . .      SeeInvis .   m - +0 triple sword
rCold   . . .      Faith    .   (shield currently unavailable)
rNeg    . . .      Spirit   .   o - +0 chain mail
rPois   .          Reflect  .   (helmet restricted)
rElec   .          Harm     .   (no cloak)
rCorr   .          Rampage  .   (no gloves)
Will    .....                   (no boots)
Stlth   ..........              (no amulet)
HPRegen 0.13/turn               (no ring)
MPRegen 0.08/turn               (no ring)

@: no status effects
A: horns 2, retaliatory headbutt
a: Renounce Religion


You were on level 3 of the Dungeon.
You worshipped Ashenzari.
Ashenzari was noncommittal.
You visited 1 branch of the dungeon, and saw 3 of its levels.

You collected 121 gold pieces.

Inventory:

Hand Weapons
 a - a +0 war axe
 m - a +0 triple sword (weapon)
Armour
 b - a +0 scale mail
 c - a +0 buckler
 o - a +0 chain mail (worn)
Jewellery
 e - a ring of see invisible
Wands
 l - a wand of charming (1)
Scrolls
 f - 2 scrolls of teleportation {unknown}
 h - a scroll of poison {unknown}
 i - 2 scrolls of identify {unknown}
 k - a scroll of vulnerability {unknown}
 p - a scroll of noise {unknown}
 s - 2 scrolls of blinking {unknown}
 t - a scroll of enchant weapon {unknown}
Potions
 d - a potion of might
 g - 2 potions of curing {unknown}
 j - 2 potions of flight {unknown}
 n - 2 potions of heal wounds {unknown}
 q - a potion of haste {unknown}
 r - a potion of mutation {unknown}


   Skills:
 + Level 4.3 Fighting
 + Level 1.6 Long Blades
 - Level 3.5 Axes
 + Level 4.3 Armour
 * Level 0.6 Dodging
 - Level 0.1 Stealth
 + Level 4.6 Shields


You had 3 spell levels left.
You didn't know any spells.
Your spell library was empty.

Dungeon Overview and Level Annotations

Branches:
Dungeon (3/15)

Altars:
Ashenzari
Sif Muna
Wu Jian


Innate Abilities, Weirdness & Mutations

You have a pair of horns on your head.
You reflexively headbutt those who attack you in melee.


Message History

The gnoll is lightly wounded.
The gnoll hits you with a +0 spear!
You hit the gnoll.
The gnoll is severely wounded.
The gnoll hits you with a +0 spear.
A gnoll comes into view. It is wielding a +0 whip.
The gnoll hits you with a +0 spear.
You barely miss the gnoll.
The gnoll is severely wounded.
The gnoll shouts!
You hear a shout! x2
The gnoll hits you with a +0 spear. x2
You slash the gnoll!
You kill the gnoll!
A gnoll comes into view. It is wielding a +0 flail.
The gnoll barely misses you.
You closely miss the gnoll. You headbutt the gnoll!
The gnoll is severely wounded.
The gnoll barely misses you.
You barely miss the gnoll. You headbutt the gnoll.
The gnoll is heavily wounded.
The gnoll hits you but does no damage.
A gnoll comes into view. It is wielding a +0 spear.
The gnoll hits you with a +0 whip.
You hit the gnoll. Your headbutt misses the gnoll.
The gnoll is heavily wounded.
The gnoll barely misses you. The gnoll hits you but does no damage.
The gnoll hits you from afar with a +0 spear.
* * * LOW HITPOINT WARNING * * *
The gnoll completely misses you. You furiously retaliate!
You headbutt the gnoll!
You kill the gnoll!
The gnoll closely misses you. The gnoll hits you but does no damage.
The gnoll hits you from afar with a +0 spear.
* * * LOW HITPOINT WARNING * * *
The gnoll closely misses you. The gnoll hits you with a +0 flail.
* * * LOW HITPOINT WARNING * * *
The gnoll hits you with a +0 spear!
You die...

#>...............†.+....'.
#....####..####....######.
#..(....†.....'....'......
##.#.##.#..####....#######
#.#....#..# #....#
#.######..# #....# .
#.........# #....# .
#########g####....# .
#..g@.........# .
#.##).........# .
#.......### # #.......#
###.....# #.....# #.).....
#........ .........


You could see 2 gnolls.

Vanquished Creatures
  An orc priest (D:3)
  2 gnolls (D:3)
  4 worms (D:2)
  3 dart slugs
  5 orcs (D:3)
  2 bats
  4 endoplasms
  3 giant cockroaches
  2 goblins (D:2)
  7 hobgoblins
  A kobold (D:2)
  4 quokkas
  9 ball pythons
  5 frilled lizards
  4 rats
56 creatures vanquished.

Notes
Turn   | Place    | Note
-------+----------+-------------------------------------------
     0 | D:1      | GigaChad the Minotaur Fighter began the quest for the Orb.
     0 | D:1      | Reached XP level 1. HP: 19/19 MP: 0/0
    82 | D:1      | Reached XP level 2. HP: 25/27 MP: 1/1
   569 | D:1      | Reached XP level 3. HP: 27/33 MP: 2/2
  1924 | D:3      | Found a broken altar of Ashenzari.
  1924 | D:3      | Found an ornate altar of the Wu Jian Council.
  1925 | D:3      | Found a shimmering blue altar of Sif Muna.
  1936 | D:3      | Became a worshipper of Ashenzari the Shackled
  2003 | D:3      | Reached XP level 4. HP: 40/40 MP: 3/3
  2025 | D:3      | Reached skill level 1 in Long Blades
  2248 | D:3      | Slain by a gnoll

Illustrated notes

Levels and vault maps discovered:
D:1:      beargit_arrival_greenhouse, layout_basic, hangedman_decor_push
D:2:      layout_basic
D:3:      layout_basic, gammafunk_temple_overflow_claw

Skill      XL: |  1  2  3  4 |
---------------+-------------+-----
Shields        | 4 |  4.6
Fighting       | 4 |  4.3
Armour         | 4 |  4.3
Axes           | 3 |  3.5
Long Blades    | 1 |  1.6
Dodging        | |  0.6
Stealth        | |  0.1

Action                   |  1- 3 |  4- 6 || total
-------------------------+-------+-------++-------
Melee: War axe           |    56 |       ||    56
       Headbutt          |    10 |     5 ||    15
       Triple sword      |    14 |    20 ||    34
Armor: Scale mail        |    46 |       ||    46
       Chain mail        |       |    21 ||    21
Dodge: Dodged            |    52 |    22 ||    74
Block: Buckler           |    24 |       ||    24
